 Dungeon Crawl Stone Soup version 0.24-a0-530-g18ba70b503 (webtiles) character file.

Game seed: 11969160681987823210

57100 DEFE the Dancer (level 14, -6/83 HPs)
             Began as a Demonspawn Wanderer on Aug 7, 2019.
             Was a Follower of Uskayaw.
             Mangled by a two-headed ogre
             ... wielding a +0 giant spiked club
              (17 damage)
             ... on level 1 of the Orcish Mines.
             The game lasted 00:44:03 (20324 turns).

DEFE the Dancer (Demonspawn Wanderer)              Turns: 20324, Time: 00:44:04

Health: -6/83      AC: 20    Str: 16    XL:     14   Next: 44%
Magic:  0/24       EV:  5    Int: 16    God:    Uskayaw [*.....]
Gold:   1418       SH:  0    Dex: 14    Spells: 17/17 levels left

rFire    + . .     SeeInvis .     - Unarmed
rCold    + . .     Gourm    .   (no shield)
rNeg     . . .     Faith    .   H - +0 plate armour
rPois    .         Spirit   +   t - +0 helmet
rElec    .         Reflect  .   B - scarf {repulsion}
rCorr    .         Harm     .   (gloves unavailable)
MR       +....                  (no boots)
Stlth    ++........             F - amulet of magic regeneration
HPRegen  0.63/turn              v - ring of protection from cold
MPRegen  0.44/turn              l - ring of protection from fire

@: sanguine armour, hasted, repel missiles, very quick
A: claws 3, hooves 1, clever 1, frail 1, nightstalker 2, regeneration 1, magic
shield, sanguine armour 1
a: Stomp, Renounce Religion


You were on level 1 of the Orcish Mines.
You worshipped Uskayaw.
Uskayaw was pleased with you.
You were very hungry.

You visited 4 branches of the dungeon, and saw 17 of its levels.
You also visited: Bailey.

You collected 1418 gold pieces.

Inventory:

Hand Weapons
 c - a +1 dagger of venom
 g - the +3 dagger of Piv Hea {pierce, rElec rC+ Str+4 Int-2}
   (You found it in a bailey)

   It inflicts extra damage upon your enemies.
   It affects your strength (+4).
   It affects your intelligence (-2).
   It protects you from cold.
   It insulates you from electricity.
 o - a +0 dagger
 q - a +3 scimitar of flaming
Missiles
 r - 339 stones (quivered)
Armour
 a - a +2 pair of gloves
 b - a +0 cloak
 d - a +0 robe
 i - a +0 chain mail
 j - a +0 leather armour
 p - a +2 chain mail of fire resistance
 t - a +0 helmet (worn)
 x - a +0 troll leather armour
 A - a +0 ring mail of magic resistance
 B - a scarf of repulsion (worn)
 H - a +0 plate armour (worn)
Jewellery
 l - a ring of protection from fire (right claw)
 v - a ring of protection from cold (left claw)
 F - an amulet of magic regeneration (around neck)
Scrolls
 e - 10 scrolls of remove curse
 h - 2 scrolls of fog
 w - 2 scrolls of amnesia
 y - 2 scrolls of enchant armour
 z - a scroll of blinking
 C - a scroll of brand weapon
 I - a scroll of vulnerability {unknown}
Potions
 k - 2 potions of curing
 n - a potion of cancellation
 u - 2 potions of mutation
 D - a potion of resistance
Comestibles
 f - 19 rations


   Skills:
 - Level 3.2 Fighting
 - Level 11.8 Short Blades
 - Level 1.4 Throwing
 - Level 7.4 Armour
 - Level 10.0 Stealth
 + Level 9.6 Unarmed Combat
 - Level 2.0 Spellcasting
   Level 1.0 Conjurations
   Level 1.7 Ice Magic
 - Level 14.5 Invocations
   Level 5.1 Evocations


You had 17 spell levels left.
You didn't know any spells.
Your spell library contained the following spells:

 Spells                   Type           Power        Failure   Level  Hunger
 Freeze                   Ice            #...         99%         1    #......
 Beastly Appendage        Tmut           #.....       100%        1    #......
 Infusion                 Chrm           #...         100%        1    #......
 Sting                    Conj/Pois      #...         100%        1    #......
 Summon Butterflies       Summ           #.......     100%        1    #......
 Summon Small Mammal      Summ           #...         100%        1    #......
 Blink                    Tloc           N/A          100%        2    ###....
 Call Imp                 Summ           #.......     100%        2    ###....
 Poisonous Vapours        Pois/Air       #.....       100%        2    ###....
 Shroud of Golubria       Chrm/Tloc      #.....       100%        2    ###....
 Sticks to Snakes         Tmut           #.......     100%        2    ###....
 Throw Frost              Conj/Ice       #.....       100%        2    ###....
 Call Canine Familiar     Summ           #.......     100%        3    ###....
 Conjure Flame            Conj/Fire      #.......     100%        3    ###....
 Dazzling Spray           Conj/Hex       #.....       100%        3    ###....
 Mephitic Cloud           Conj/Pois/Air  #.......     100%        3    ###....
 Ozocubu's Armour         Chrm/Ice       #.......     100%        3    ###....
 Recall                   Summ/Tloc      N/A          100%        3    ###....
 Spider Form              Tmut/Pois      #.........   100%        3    ###....
 Summon Guardian Golem    Hex/Summ       #.......     100%        3    ###....
 Ice Form                 Ice/Tmut       #.......     100%        4    #####..
 Passage of Golubria      Tloc           N/A          100%        4    #####..
 Summon Ice Beast         Ice/Summ       #.......     100%        4    #####..
 Summon Lightning Spire   Summ/Air       #.......     100%        4    #####..
 Throw Icicle             Conj/Ice       #.......     100%        4    #####..
 Alistair's Intoxication  Tmut/Pois      #.......     100%        5    ######.
 Blade Hands              Tmut           #.........   100%        5    ######.
 Irradiate                Conj/Tmut      #.........   100%        5    ######.
 Summon Mana Viper        Hex/Summ       #.......     100%        5    ######.
 Freezing Cloud           Conj/Ice/Air   #.........   100%        6    #######
 Ring of Flames           Chrm/Fire      #.........   100%        7    #######
 Summon Hydra             Summ           #.........   100%        7    #######
 Disjunction              Tloc           #.........   100%        8    #######


Dungeon Overview and Level Annotations

Branches:
Dungeon (12/15)            Temple (1/1) D:5            Lair (2/6) D:8
    Orc (2/2) D:12            Elf (0/3) Orc:2
  Swamp: Lair:2-4    Shoals: Lair:2-4     Snake: Lair:2-4    Spider: Lair:2-4

Altars:
Ashenzari
Cheibriados
Dithmenos
Elyvilon
Fedhas
Gozag
Hepliaklqana
Kikubaaqudgha
Makhleb
Nemelex Xobeh
Okawaru
Qazlal
Ru
Sif Muna
Trog
Uskayaw
Vehumet
Wu Jian
Xom
Yredelemnul
Zin
The Shining One

Shops:
D:4 *   D:8 %   D:9 [

Annotations:
D:5 exclusion: oklob sapling
D:12 Fannar


Innate Abilities, Weirdness & Mutations

You have claws for hands.
You are significantly more attuned to the shadows.
When hurt, damage is shared between your health and your magic reserves.
When seriously injured, your bleeding wounds create armour. (AC +6)
You have large cloven feet.
Your mind is acute. (Int +2)
You are frail. (-10% HP)
Your natural rate of healing is unusually fast.


Message History

Unknown command.
The orc wizard shouts!
You mangle the ogre!! You claw the ogre.
You kill the ogre!
Unknown command.
Uskayaw links your audience in an emotional bond!
Unknown command.
You scratch the orc warrior. Your kick misses the orc warrior.
The orc warrior hits you but does no damage.
Unknown command.
Aim: a two-headed ogre, wielding a +0 giant spiked club and a +0 giant club (sharing its pain)
The two-headed ogre explodes violently!
You blow up the two-headed ogre!
You can no longer merge with and destroy a victim.
You are feeling very hungry.
The two-headed ogre shouts in stereo!
The two-headed ogre hits you with a +0 giant spiked club!
* * * LOW HITPOINT WARNING * * *
The two-headed ogre hits you with a +0 giant spiked club!!
You die...

,,,,,#..o.)####..,,,**
,*,,,#.ooO))#.#...,**
,,,,,.....#......#**
,,,,,oo####))....#
*,,,,.,####......###
,,,*,,*#>...o....#.##
*,****##.....#o.....##
*** #...O#####.....#
##.$...#.#@...##
##......O)#.##
###.....#### ##....#
#....# #$..## #####


You could see a two-headed ogre.

Vanquished Creatures
  An ogre mage (Orc:1)
  Harold (D:10)
  Erolcha (D:9)
  A hydra (Lair:1)
  Erica (D:11)
  A centaur warrior (D:11)
  4 two-headed ogres
  An unseen horror (D:12)
  A deep elf mage (D:10)
  3 orc knights
  An ugly thing (D:11)
  An orc sorcerer (Orc:2)
  A cyclops (D:11)
  Maurice (D:9)
  A black mamba (Lair:1)
  A torpor snail (Lair:2)
  A gargoyle (D:12)
  An efreet (D:10)
  6 spiny frogs (Lair:1)
  7 trolls
  A hornet (D:10)
  4 slime creatures
  5 hippogriffs
  A wraith (D:11)
  A vampire (D:12)
  9 yaks
  A wyvern (D:10)
  3 hungry ghosts
  Grum (D:9)
  A basilisk (D:10)
  3 wargs
  An acid dragon (D:11)
  4 porcupines
  5 water moccasins
  25 orc warriors
  6 sky beasts
  7 ice beasts
  2 necrophages
  8 ogres
  5 phantoms
  9 centaurs
  An eye of draining (D:12)
  7 wolves
  A boggart (D:10)
  A crocodile (Lair:1)
  6 big kobolds
  13 bullfrogs
  7 scorpions
  A water moccasin skeleton (D:7)
  12 killer bees
  3 howler monkeys
  7 wights
  4 crimson imps
  2 quasits
  6 hounds
  7 jellies
  2 centaur skeletons
  7 orc priests
  6 bullfrog skeletons
  9 orc wizards
  4 iguanas
  8 worker ants
  A killer bee zombie (D:4)
  3 hound skeletons
  3 worker ant zombies
  8 adders
  14 gnolls
  An ooze (D:7)
  An adder skeleton (D:8)
  3 dart slugs
  4 leopard geckos
  62 orcs
  A ball python (D:4)
  5 bats
  4 giant cockroaches
  33 goblins
  14 hobgoblins
  9 jackals
  9 quokkas
  4 frilled lizards
  33 kobolds
  A leopard gecko zombie (D:9)
  2 rats
  A plant (D:5)
468 creatures vanquished.

Vanquished Creatures (collateral kills)
  An orc warlord (Orc:2)
  A warg (Orc:2)
  3 orc warriors (Orc:2)
  An ogre (Orc:2)
  5 orc wizards (Orc:2)
  3 orc priests (Orc:2)
  10 orcs (Orc:2)
24 creatures vanquished.

Vanquished Creatures (others)
  A plant (Lair:2)
1 creature vanquished.

Grand Total: 493 creatures vanquished

Notes
Turn   | Place    | Note
-------+----------+-------------------------------------------
     0 | D:1      | DEFE the Demonspawn Wanderer began the quest for the Orb.
     0 | D:1      | DEFE set off with the following items: a +0 dagger, a
                  | potion of lignification, a +0 robe, a ration; and the
                  | following spells available to memorise: Freeze, Sting,
                  | Throw Frost, Ozocubu's Armour, Dazzling Spray, Throw
                  | Icicle, Summon Ice Beast
     0 | D:1      | Reached XP level 1. HP: 18/18 MP: 3/3
   529 | D:1      | Gained mutation: When seriously injured, your bleeding
                  | wounds create armour. (AC +6) [demonic ancestry]
   529 | D:1      | Reached XP level 2. HP: 2/24 MP: 5/5
  1816 | D:1      | Reached XP level 3. HP: 25/29 MP: 6/6
  2011 | D:1      | Reached skill level 1 in Short Blades
  2562 | D:2      | Found a glowing golden altar of the Shining One.
  3557 | D:3      | Gained mutation: You have sharp fingernails. [demonic
                  | ancestry]
  3557 | D:3      | Reached XP level 4. HP: 25/35 MP: 7/7
  3795 | D:3      | Found a deep blue altar of Sif Muna.
  3977 | D:3      | Found a faded altar of an unknown god.
  3994 | D:3      | DEFE: !rng y n
  3994 | D:3      | beem: The RNG chooses: y.
  3994 | D:3      | DEFE: !rng rndalt no
  3994 | D:3      | beem: The RNG chooses: rndalt.
  4272 | D:4      | Found Xumiorghi's Elemental Accessories.
  4455 | D:4      | Reached XP level 5. HP: 26/41 MP: 8/8
  4816 | D:4      | Gained mutation: You are slightly more attuned to the
                  | shadows. [demonic ancestry]
  4816 | D:4      | Reached XP level 6. HP: 42/47 MP: 9/9
  5671 | D:5      | Entered Level 5 of the Dungeon
  5813 | D:5      | Noticed an ice beast
  5819 | D:5      | Killed an ice beast
  5819 | D:5      | Reached skill level 5 in Stealth
  5839 | D:5      | Found a staircase to the Ecumenical Temple.
  5845 | D:5      | Gained mutation: You are significantly more attuned to the
                  | shadows. [demonic ancestry]
  5845 | D:5      | Reached XP level 7. HP: 50/52 MP: 10/10
  5869 | D:5      | DEFE: @?oklob sapling
  5869 | D:5      | beem: oklob sapling (P)
                  | Spd: 10 (stationary)
                  | HD: 4
                  | | HP: 18-26
                  | AC/EV: 10/0
                  | plant, unbreathing
                  | Res:
                  | magic(20), poison, acid+++, drown, neg+++, torm
                  | XP: 60
                  | | Sp: spit acid (3d7) [!AM, !sil]
                  | Sz: small
                  | Int:
                  | brainless.
  5892 | Temple   | Entered the Ecumenical Temple
  6154 | Temple   | Became a worshipper of Uskayaw the Reveler
  6258 | D:5      | Reached * piety under Uskayaw
  6301 | D:5      | Reached ** piety under Uskayaw
  6799 | D:5      | Reached skill level 5 in Short Blades
  7126 | D:6      | Gained mutation: You have very sharp fingernails. [demonic
                  | ancestry]
  7126 | D:6      | Reached XP level 8. HP: 26/58 MP: 11/11
  8246 | D:6      | Reached *** piety under Uskayaw
  8494 | D:7      | Reached skill level 1 in Invocations
  8507 | D:7      | Reached **** piety under Uskayaw
  8525 | D:7      | Reached ***** piety under Uskayaw
  8544 | D:7      | Reached XP level 9. HP: 43/64 MP: 12/12
  8586 | D:7      | Reached skill level 2 in Invocations
  8586 | D:7      | Reached ****** piety under Uskayaw
  8627 | D:7      | Reached skill level 3 in Invocations
  9572 | D:8      | Reached skill level 4 in Invocations
  9764 | D:8      | Gained mutation: Your mind is acute. (Int +2) [potion of
                  | mutation]
  9764 | D:8      | Gained mutation: Your natural rate of healing is unusually
                  | fast. [potion of mutation]
  9764 | D:8      | Gained mutation: You are frail. (-10% HP) [potion of
                  | mutation]
  9764 | D:8      | Gained mutation: You have large cloven feet. [potion of
                  | mutation]
  9779 | D:8      | Reached skill level 5 in Invocations
 10042 | D:8      | Found Imnoov's Food Emporium.
 10045 | D:8      | Reached skill level 6 in Invocations
 10061 | D:8      | Found a staircase to the Lair.
 10561 | D:9      | Found a flagged portal.
 10583 | Bailey   | Entered a bailey
 10843 | Bailey   | Noticed an orc knight
 10845 | Bailey   | Killed an orc knight
 10845 | Bailey   | Reached XP level 10. HP: 63/63 MP: 13/15
 10907 | Bailey   | Reached skill level 7 in Invocations
 10990 | Bailey   | Noticed an orc warlord
 11036 | Bailey   | Reached skill level 1 in Evocations
 11086 | Bailey   | Identified the Incunabulum of Feathery Transmutation
 11099 | Bailey   | Got a twisted dagger
 11100 | Bailey   | Identified the cursed +3 dagger of Piv Hea {pierce, rElec
                  | rC+ Str+4 Int-2} (You found it in a bailey)
 11329 | D:9      | Found Uderum's Armour Emporium.
 11369 | D:9      | Reached skill level 10 in Stealth
 11523 | D:9      | Noticed Erolcha
 11531 | D:9      | Killed Erolcha
 11531 | D:9      | Reached skill level 8 in Invocations
 11558 | D:9      | Noticed Grum
 11586 | D:9      | Killed Grum
 11586 | D:9      | Reached skill level 9 in Invocations
 11760 | D:9      | Noticed Maurice
 11799 | D:10     | Entered Level 10 of the Dungeon
 11869 | D:10     | Noticed an orc knight
 11883 | D:10     | Killed an orc knight
 11883 | D:10     | Reached skill level 10 in Short Blades
 11883 | D:10     | Reached skill level 10 in Invocations
 11883 | D:10     | Gained mutation: When hurt, damage is shared between your
                  | health and your magic reserves. [demonic ancestry]
 11883 | D:10     | Reached XP level 11. HP: 64/67 MP: 18/18
 11902 | D:10     | Identified the Catalogue of Dislocated Augmentations
 11906 | D:10     | Got a crude brass amulet
 11907 | D:10     | Identified the amulet of Bepeawn {Harm *Drain Str-2 Int+2
                  | Dex+2} (You found it on level 10 of the Dungeon)
 12025 | D:10     | Noticed Harold
 12038 | D:10     | Killed Harold
 12434 | D:10     | Noticed a deep elf mage
 12444 | D:10     | Killed a deep elf mage
 12596 | D:10     | Reached skill level 11 in Invocations
 13148 | D:11     | Noticed Erica
 13151 | D:11     | Reached skill level 13 in Invocations
 13151 | D:11     | Reached XP level 12. HP: 72/72 MP: 19/22
 13185 | D:11     | Gained mutation: You have claws for hands. [demonic
                  | ancestry]
 13185 | D:11     | Reached XP level 13. HP: 77/77 MP: 23/23
 13247 | D:11     | Reached skill level 1 in Unarmed Combat
 13513 | D:11     | Killed Erica
 13632 | D:11     | Reached skill level 14 in Invocations
 14150 | Lair:1   | Entered Level 1 of the Lair of Beasts
 14825 | Lair:1   | Reached skill level 5 in Evocations
 16087 | D:12     | Reached skill level 5 in Unarmed Combat
 16087 | D:12     | Reached XP level 14. HP: 50/83 MP: 20/24
 16687 | D:12     | Found a staircase to the Orcish Mines.
 16970 | D:12     | Noticed Fannar
 17799 | Lair:1   | HP: 4/83 [poisoned by a spiny frog]
 17804 | Lair:1   | HP: 3/83 [poisoned by a spiny frog]
 17810 | Lair:1   | HP: 2/83 [poisoned by a spiny frog]
 17817 | Lair:1   | HP: 4/83 [poisoned by a spiny frog]
 18792 | D:9      | Killed Maurice
 19561 | Orc:1    | Entered Level 1 of the Orcish Mines
 19573 | Orc:2    | Entered Level 2 of the Orcish Mines
 19835 | Orc:2    | Noticed an orc warlord
 19908 | Orc:2    | Killed an orc warlord
 20253 | Orc:2    | Found a staircase to the Elven Halls.
 20324 | Orc:1    | Mangled by a two-headed ogre

Levels and vault maps discovered:
D:1:      minmay_arrival_open_corners, layout_basic
D:2:      layout_loops_ring, first_ration, nicolae_tso_swordbearing_angel
D:3:      kennysheep_big_flooded_room, layout_basic, led_sif_pool,
          chequers_ecumenical_altar_simple_redux
D:4:      kennysheep_the_goblin_king, layout_basic, nicolae_elemental_shop
D:5:      layout_loops_ring, minmay_temple_entry_oklob
D:6:      layout_cave_pools, kennysheep_generic_room_14
D:7:      layout_cave_pools
D:8:      minmay_four_partial_circles, layout_cave_pools, lair_entry_dummy,
          serial_shops, shop
D:9:      layout_gridville, lightli_bailey_entry_fortress, serial_shops,
          kennysheep_mini_moat, grunt_ogre_cave, kennysheep_generic_room_15,
          uniq_erolcha, uniq_maurice, uniq_grum
D:10:     hangedman_cross_cluster, layout_loops_cross, uniq_harold
D:11:     layout_roguey, uniq_erica
D:12:     layout_loops_corners, david_orc_1_choice, uniq_fannar
Temple:   roderic_octagonal_lattice_temple
Lair:1:   layout_hall_layers, serial_bayou_shore_b, grunt_megastairs_2,
          serial_bayou_shore_b, infiniplex_staircase_pool
Lair:2:   layout_regular_city, beast_lair_carwin_6, serial_bayou_shore_b
Orc:1:    layout_diamond_mine, portal_ice_cave_entry_pillars_1
Orc:2:    st_orc_congregation, layout_caves, lemuel_statue_altar, uniq_rupert

Skill      XL: |  1  2  3  4  5  6  7  8  9 10 11 12 13 14 |
---------------+-------------------------------------------+-----
Stealth        | 2 3 4 5 6 8 9 10 | 10.0
Short Blades   | 1 2 3 4 5 7 8 10 11 | 11.8
Invocations    | 1 6 10 13 14 | 14.5
Evocations     | 2 4 5 |  5.1
Armour         | 7 |  7.4
Unarmed Combat | 5 9 |  9.6
Fighting       | |  3.2
Throwing       | |  1.4
Spellcasting   | |  2.0
Conjurations   | |  1.0
Ice Magic      | |  1.7

Action                   |  1- 3 |  4- 6 |  7- 9 | 10-12 | 13-15 || total
-------------------------+-------+-------+-------+-------+-------++-------
Melee: Dagger            |   241 |   174 |   716 |   393 |   266 ||  1790
       Kick              |       |       |    54 |   107 |   272 ||   433
       Unarmed           |       |       |       |       |   644 ||   644
       Punch             |       |       |       |       |    25 ||    25
Throw: Stone             |     2 |       |       |       |     3 ||     5
Invok: Grand Finale      |       |       |     1 |       |     1 ||     2
       Line Pass         |       |       |       |       |     1 ||     1
Evoke: Wand              |       |       |    16 |    34 |    10 ||    60
  Use: Scroll            |     1 |     6 |     1 |     6 |    19 ||    33
       Potion            |     1 |       |    13 |     4 |     9 ||    27
 Stab: Sleeping          |     1 |     9 |    21 |    19 |    24 ||    74
       Paralysed         |       |       |    12 |    13 |    21 ||    46
       Invisible         |       |       |     3 |       |       ||     3
       Distracted        |       |       |     1 |     3 |     3 ||     7
       Confused          |       |       |       |       |     1 ||     1
  Eat: Chunk             |     5 |     3 |     8 |     4 |     7 ||    27
       Ration            |     1 |     1 |     4 |     1 |     5 ||    12
Armor: Robe              |    18 |       |       |       |       ||    18
       Leather armour    |    50 |    43 |    43 |       |       ||   136
       Skin              |       |       |    86 |       |       ||    86
       Ring mail         |       |       |   135 |   104 |       ||   239
       Troll leather arm |       |       |       |    25 |    66 ||    91
       Chain mail        |       |       |       |       |    63 ||    63
       Plate armour      |       |       |       |       |   234 ||   234
Dodge: Dodged            |   123 |    73 |   221 |   159 |   234 ||   810
       Deflected         |       |       |       |       |     7 ||     7

Table legend:
 A = Non-vault XP
 B = Vault XP
 C = Vault XP percentage of total XP
 D = Non-vault monster count
 E = Vault monster count
 F = Vault count percentage of total count
                 A         B        C        D         E       F
            +---------+---------+-------+---------+---------+-------
      Total |   33178 |   13111 |  28.3 |     352 |     139 |  28.3
            +---------+---------+-------+---------+---------+-------
        D:1 |      54 |       0 |   0.0 |      27 |       0 |   0.0
        D:2 |      26 |       0 |   0.0 |       9 |       0 |   0.0
        D:3 |      54 |       3 |   5.3 |      19 |       2 |   9.5
        D:4 |     415 |      13 |   3.0 |      16 |       7 |  30.4
        D:5 |     629 |       0 |   0.0 |      21 |       0 |   0.0
        D:6 |    1133 |      18 |   1.6 |      27 |       1 |   3.6
        D:7 |    1305 |       0 |   0.0 |      30 |       0 |   0.0
        D:8 |     793 |     693 |  46.6 |      11 |      13 |  54.2
        D:9 |     761 |    2534 |  76.9 |      21 |      23 |  52.3
       D:10 |    1329 |    4837 |  78.4 |      15 |      21 |  58.3
       D:11 |    6283 |     955 |  13.2 |      42 |       1 |   2.3
       D:12 |    4354 |     976 |  18.3 |      31 |       9 |  22.5
     Lair:1 |    5695 |     206 |   3.5 |      20 |       2 |   9.1
     Lair:2 |    1095 |     564 |  34.0 |       6 |       4 |  40.0
      Orc:1 |    4538 |       0 |   0.0 |      12 |       0 |   0.0
      Orc:2 |    4714 |     391 |   7.7 |      45 |       9 |  16.7
     Bailey |       0 |    1921 | 100.0 |       0 |      47 | 100.0
            +---------+---------+-------+---------+---------+-------
